 Dungeon Crawl Stone Soup version 0.31-a0-620-gd1cbd99268 (webtiles) character file.

Game seed: 2883371088320150417

5037 ytrimaz the Covert (level 10, -5/58 HPs)
             Began as an Octopode Shapeshifter on Aug 23, 2023.
             Was an Initiate of Gozag.
             Slain by an orc warrior
             ... wielding a +0 trident
              (13 damage)
             ... on level 9 of the Dungeon.
             The game lasted 00:10:27 (9118 turns).

ytrimaz the Covert (Octopode Shapeshifter)          Turns: 9118, Time: 00:10:28

Health: -5/58      AC:  1    Str: 15    XL:     10   Next: 55%
Magic:  10/10      EV: 14    Int: 10    God:    Gozag
Gold:   259        SH:  0    Dex: 17    Spells: 9/9 levels left

rFire   + +          .
                       - Unarmed
rCold   + . .        (no shield)
rNeg    . . .        (helmet currently unavailable)
rPois   +            (no amulet)
rElec   +            t - ring of protection from fire
rCorr   +            (no ring)
SInv    .            (no ring)
Will    .....        (no ring)
Stlth   ++++++       (no ring)
HPRegen 0.29/turn    (no ring)
MPRegen 0.12/turn    (no ring)
                     (no ring)

%: no passive effects
@: mighty, beast-form, resistant, gold aura
A: beast (slay +4), almost no armour, amphibious, 8 rings, camouflage 1,
gelatinous body 1, (nimble swimmer 1), tentacles
a: Begin Untransformation, Renounce Religion, Potion Petition, Call Merchant,
Bribe Branch


You were on level 9 of the Dungeon.
You worshipped Gozag.
Gozag was aware of your devotion.
You were a hulking beast.
You visited 1 branch of the dungeon, and saw 9 of its levels.

You collected 1603 gold pieces.
You paid 1344 gold pieces to Gozag.


Innate Abilities, Weirdness & Mutations

You are a hulking beast.
Your limbs bulge with bestial killing power. (Slay +4)
You cannot wear most types of armour.
You are amphibious.
You can wear up to eight rings at the same time.
Your skin changes colour to match your surroundings (Stealth+).
Your rubbery body absorbs attacks. (AC +1, EV +1)
((You are camouflaged when in or above water. (Stealth+)))
You have tentacles for arms and can constrict up to eight enemies at once.


   Skills:
 - Level 1.0 Fighting
 - Level 3.2 Dodging
 - Level 10.0 Stealth
 * Level 9.6 Unarmed Combat
 * Level 9.5 Shapeshifting


You had 9 spell levels left.
You didn't know any spells.
Your spell library contained the following spells:

 Spells                   Type           Power      Damage    Failure   Level
 Magic Dart               Conj           0%         1d3       36%         1
 Slow                     Hex            0%         N/A       36%         1
 Blink                    Tloc           0%         N/A       50%         2
 Call Imp                 Summ           0%         N/A       50%         2
 Lesser Beckoning         Tloc           0%         N/A       50%         2
 Momentum Strike          Conj/Tloc      0%         3d8       50%         2
 Call Canine Familiar     Summ           0%         N/A       75%         3
 Confusing Touch          Hex            0%         N/A       75%         3
 Mephitic Cloud           Conj/Pois/Air  0%         N/A       75%         3
 Portal Projectile        Hex/Tloc       0%         N/A       75%         3
 Vampiric Draining        Necr           0%         2d6       75%         3
 Leda's Liquefaction      Hex/Erth       0%         N/A       98%         4
 Conjure Ball Lightning   Conj/Air       0%         3x3d6     100%        6
 Discord                  Hex            0%         N/A       100%        8
 Disjunction              Tloc           0%         N/A       100%        8

Inventory:

Missiles
 n - 3 throwing nets (quivered)
Jewellery
 t - a ring of protection from fire (left tentacle)
   (You found it on level 5 of the Dungeon)
Talismans
 b - a beast talisman (active)
 c - a flux talisman
 v - a dragon-blood talisman
   (You found it on level 6 of the Dungeon)
Wands
 u - a wand of iceblast (5)
   (You took it off Maurice on level 8 of the Dungeon)
Scrolls
 d - a scroll of fear
 e - a scroll of fog {unknown}
 f - 2 scrolls of enchant weapon {unknown}
 g - 2 scrolls of immolation {unknown}
 h - 2 scrolls of noise {unknown}
 i - 4 scrolls of teleportation {unknown}
 j - 2 scrolls of blinking {unknown}
 l - a scroll of enchant armour {unknown}
 o - 2 scrolls of butterflies {unknown}
 p - 4 scrolls of amnesia {unknown}
 q - a scroll of brand weapon {unknown}
 r - a scroll of poison
 s - a scroll of vulnerability {unknown}
 y - a scroll of revelation {unknown}
Potions
 a - 4 potions of enlightenment
 x - a potion of magic

Dungeon Overview and Level Annotations

Branches:
Dungeon (9/15) Zot: 26881  Temple (0/1) D:6
   Lair: D:8-11         Orc: D:9-12

Altars:
Cheibriados
Elyvilon
Fedhas
Gozag
Hepliaklqana
Kikubaaqudgha
Makhleb
Qazlal
Uskayaw
Zin
The Shining One

Shops:
D:3 (   D:5 [

Annotations:
D:8 exclusion: ice statue

#.# #.# #.# #.# #.# #.#
########.#### ..
#...$h.o....#
....###.####...##.#####..
...........#)####........
.....##.##<#.# #..####..
.... #.##.#$# #..# # .[.
#.##.#.####..####..# ..
#<##.#[($.YY.h..Y..# .
#.##.######Y.###......
.....# #..# .....


You could see an orc warrior.


Message History

You swing at nothing.
You pummel the yak!! The yak gores you but does no damage.
You completely miss the yak.
The yak gores you but does no damage. 😨 HP[+1]
You smack the yak!
You kill the yak!
You hit the yak. The yak gores you but does no damage.
You smack the yak!
You completely miss the yak. Your punch misses the yak.
The yak gores you but does no damage. 😨 HP[+1]
You smack the yak!
The yak gores you.
* * * LOW HITPOINT WARNING * * *
😨 HP[-6]
You take 6 damage, and now have 27/87 hp.
You smack the yak!
The yak gores you but does no damage.
You barely miss the yak. The yak gores you.
* * * LOW HITPOINT WARNING * * *
😨 HP[-5]
You take 5 damage, and now have 22/87 hp.
You barely miss the yak. The yak gores you!
* * * LOW HITPOINT WARNING * * *
😱 HP[-7]
You take 7 damage, and now have 15/87 hp.
You pummel the yak!!
You kill the yak!
You smack the yak!
The yak gores you but does no damage.
You hit the yak but do no damage. The yak gores you!
* * * LOW HITPOINT WARNING * * *
😱 HP[-10]
You take 10 damage, and now have 5/87 hp.
You barely miss the yak. The yak gores you but does no damage.
You barely miss the yak. The yak gores you but does no damage.
Unknown command.
You pummel the yak!!
You kill the yak!
You hear a shout!
A centaur comes into view.
You hear a shout! 😱 HP[+1]
You cannot move.
Unknown command.
Unknown command.
Throw: 4 throwing nets
Press: ? - help, Q - select action, (/) - cycle Shift-Dir - straight line, f - centaur
Aim: a centaur (68% to hit)
You throw a throwing net.
The throwing net barely misses the centaur.
You pummel the centaur!! The centaur hits you.
* * * LOW HITPOINT WARNING * * *
The centaur kicks you but does no damage. 😱 HP[-3]
You take 3 damage, and now have 3/87 hp.
You pummel the centaur!!
You kill the centaur!
Unknown command.
You cannot move.
Key pressed, stopping explore.
Unknown command. 😱 HP[+1]
Your transformation is almost over.
A troll comes into view. 😱 HP[+2]
You regained 2 hp, and now have 6/87 hp.
A troll is nearby!
A troll is nearby!
Unknown command.
Okay, then.
Okay, then.
Unknown command.
Unknown command.
As you read the scroll labelled EVAIDU UBALU, it crumbles to dust.
You assume a fearsome visage.
The troll looks frightened!
It was a scroll of fear. 😱 HP[+1] Unknown command. 😱 HP[+1] Unknown command.
Unknown command. 😱 HP[+1]
You feel less wooden.
You turn into a hulking beast. 😱 HP[-3]
You now have 58 max hp (-29).
Unknown command.
You now have 259 gold pieces (gained 5).
You see here a +0 mace.
An orc warrior comes into view. It is wielding a +0 trident. 😱 HP[+1]
The howler monkey howls!
The howler monkey misses you.
The orc warrior shouts!
You barely miss the howler monkey. Your grab misses the howler monkey.
Your tentacle-slap misses the howler monkey. 😱 HP[+1]
You batter the howler monkey!!
You kill the howler monkey!
The orc warrior hits you from afar with a +0 trident!
You die...
Your body crumbles into a pile of gold.

Skill      XL: |  1  2  3  4  5  6  7  8  9 10 |
---------------+-------------------------------+-----
Shapeshifting  | 4 5 6 7 8 9 |  9.5
Stealth        | 4 6 9 10 | 10.0
Dodging        | 3 |  3.2
Unarmed Combat | 4 6 8 9 |  9.6
Fighting       | |  1.0

Action                     |  1- 3 |  4- 6 |  7- 9 | 10-12 || total
---------------------------+-------+-------+-------+-------++-------
  Melee: Unarmed           |    72 |   129 |   205 |    59 ||   465
         Constrict         |    15 |    40 |    51 |     1 ||   107
         Punch             |     1 |     4 |    13 |     1 ||    19
         Tentacles         |     9 |    42 |    48 |     9 ||   108
         Tailslap          |       |       |     1 |       ||     1
  Throw: Throwing net      |       |       |       |     1 ||     1
 Invoke: Potion Petition   |       |       |     1 |     2 ||     3
Ability: Breathe Fire      |       |       |     3 |       ||     3
  Evoke: Wand              |       |       |     6 |       ||     6
    Use: Potion            |     1 |     3 |     1 |     4 ||     9
         Scroll            |       |     4 |     3 |     3 ||    10
   Stab: Sleeping          |     8 |    10 |    15 |     1 ||    34
         Distracted        |       |     1 |     3 |       ||     4
 Armour: Skin              |    25 |    46 |     9 |    18 ||    98
  Dodge: Dodged            |    25 |   119 |   111 |    18 ||   273
   Form: Dragon            |       |       |     1 |       ||     1
         Beast             |       |       |     1 |       ||     1
         Flux              |       |       |     1 |       ||     1

Levels and vault maps discovered:
D:1:      dpeg_arrival_radiant, layout_loops_ring, palyth_stone_intersect,
          minivault_4
D:2:      layout_rooms
D:3:      minmay_evil_eye, layout_basic, grunt_gozag_breadcrumbs, serial_shops,
          shop_statue, portal_sewer_entry_e, serial_bayou_crossing
D:4:      layout_gridville, mainiacjoe_overflow_small_starburst, goddamned_bats
D:5:      layout_basic, nicolae_overflow_crystal_walls, amcnicky_altar_gilded,
          serial_shops, nicolae_shop_window_shopping
D:6:      layout_rooms, nicolae_uskayaw_dance_studio, overflow_temple_1_default,
          nicolae_overflow_squiral, minmay_temple_entry_mini_moons,
          roderic_lattice_a
D:7:      layout_basic, uniq_pikel
D:8:      lemuel_ice_statue, layout_basic, kennysheep_slug_shrine,
          old_standard_altar, lemuel_crystal_altar, uniq_maurice, uniq_psyche
D:9:      layout_loops_ring, minmay_starry_boxes

Notes
Turn   | Place    | Note
-------+----------+-------------------------------------------
     0 | D:1      | ytrimaz the Octopode Shapeshifter began the quest for the
                  | Orb.
     0 | D:1      | Reached XP level 1. HP: 13/13 MP: 1/1
     0 | D:1      | magus.rc [v1.9.6]
    71 | D:1      | Reached XP level 2. HP: 18/18 MP: 2/2
   497 | D:1      | Reached XP level 3. HP: 22/23 MP: 3/3
   844 | D:2      | Reached skill level 4 in Shapeshifting
   845 | D:2      | HP: 8/34 [poisoned by an adder]
   850 | D:2      | HP: 4/34 [poisoned by an adder]
   855 | D:2      | HP: 5/34 [jackal (1)]
  1235 | D:3      | Reached XP level 4. HP: 28/28 MP: 4/4
  1240 | D:3      | Found Vuputs's Antique Weapon Emporium.
  1374 | D:3      | Found an opulent altar of Gozag.
  1537 | D:3      | Became a worshipper of Gozag Ym Sagoz the Greedy
  1630 | D:3      | Identified the +4 short sword "Hocut" {heavy, rElec Will-
                  | Str+7 Dex+2}
  1816 | D:3      | Reached skill level 5 in Shapeshifting
  1816 | D:3      | Reached XP level 5. HP: 19/33 MP: 5/5
  1922 | D:3      | HP: 6/33 [frozen (3)]
  1924 | D:3      | HP: 2/33 [frozen (4)]
  2659 | D:4      | You pick up a book of Debilitation and begin reading...
  2659 | D:4      | You add the spells Slow, Vampiric Draining and Confusing
                  | Touch to your library.
  2692 | D:4      | Reached skill level 6 in Shapeshifting
  2692 | D:4      | Reached XP level 6. HP: 38/38 MP: 6/6
  2861 | D:4      | Found a glowing silver altar of Zin.
  3270 | D:4      | HP: 10/57 [orc priest/divine providence (12)]
  3275 | D:4      | Reached skill level 7 in Shapeshifting
  3275 | D:4      | Reached XP level 7. HP: 14/43 MP: 7/7
  3276 | D:4      | Reached skill level 1 in Stealth
  3444 | D:4      | You pick up a book of the Hunter and begin reading...
  3444 | D:4      | You add the spells Call Canine Familiar, Portal Projectile
                  | and Leda's Liquefaction to your library.
  3919 | D:5      | Entered Level 5 of the Dungeon
  3941 | D:5      | Reached skill level 2 in Stealth
  3952 | D:5      | HP: 7/43 [ogre/+0 giant club (23)]
  3954 | D:5      | Reached skill level 3 in Dodging
  3954 | D:5      | Reached skill level 4 in Unarmed Combat
  4118 | D:5      | Reached skill level 3 in Stealth
  4217 | D:5      | Found a white marble altar of Elyvilon.
  4365 | D:5      | Reached skill level 4 in Stealth
  4365 | D:5      | Reached XP level 8. HP: 13/48 MP: 8/8
  4370 | D:5      | HP: 4/48 [orc/+3 quarterstaff (10)]
  4545 | D:5      | Found a stormy altar of Qazlal.
  4608 | D:5      | You pick up a book of Spatial Translocations and begin
                  | reading...
  4608 | D:5      | You add the spells Blink, Momentum Strike and Lesser
                  | Beckoning to your library.
  4621 | D:5      | Found Vah Appirr's Antique Armour Shop.
  4768 | D:5      | Reached skill level 5 in Unarmed Combat
  5429 | D:6      | Found a staircase to the Ecumenical Temple.
  5436 | D:6      | Found a hazy altar of Hepliaklqana.
  5455 | D:6      | Reached skill level 5 in Stealth
  5649 | D:6      | Reached skill level 6 in Unarmed Combat
  5708 | D:6      | Found a burning altar of Makhleb.
  5709 | D:6      | Found an ancient bone altar of Kikubaaqudgha.
  5827 | D:6      | Found a hide-covered altar of Uskayaw.
  5835 | D:6      | Reached skill level 6 in Stealth
  6021 | D:6      | Paralysed by a gnoll for 4 turns
  6239 | D:7      | Reached XP level 9. HP: 40/53 MP: 9/9
  6360 | D:7      | Reached skill level 7 in Unarmed Combat
  6679 | D:7      | Reached skill level 7 in Stealth
  6807 | D:7      | Noticed Pikel
  6815 | D:7      | Killed Pikel
  6890 | D:7      | Reached skill level 8 in Stealth
  7329 | D:7      | Reached skill level 8 in Shapeshifting
  7673 | D:8      | You pick up a book of Chaos and begin reading...
  7673 | D:8      | You add the spells Conjure Ball Lightning, Disjunction and
                  | Discord to your library.
  7712 | D:8      | Found a snail-covered altar of Cheibriados.
  7721 | D:8      | Found a glowing golden altar of the Shining One.
  7901 | D:8      | Reached skill level 8 in Unarmed Combat
  7924 | D:8      | Reached skill level 9 in Stealth
  7927 | D:8      | HP: 13/53 [kobold/+0 short sword (2)]
  8320 | D:8      | Found a blossoming altar of Fedhas.
  8335 | D:8      | You pick up a book of Minor Magic and begin reading...
  8335 | D:8      | You add the spells Magic Dart, Call Imp and Mephitic Cloud
                  | to your library.
  8436 | D:8      | Noticed Psyche
  8484 | D:8      | Killed Psyche
  8485 | D:8      | Reached XP level 10. HP: 26/58 MP: 10/10
  8688 | D:8      | Noticed Maurice
  8738 | D:8      | HP: 14/58 [Maurice/+0 dagger (8)]
  8740 | D:8      | Killed Maurice
  8741 | D:8      | Reached skill level 10 in Stealth
  8932 | D:8      | Noticed an ice statue
  9051 | D:9      | HP: 6/58 [yak (15)]
  9057 | D:9      | Reached skill level 9 in Unarmed Combat
  9057 | D:9      | Reached skill level 9 in Shapeshifting
  9061 | D:9      | HP: 20/87 [yak (2)]
  9069 | D:9      | Noticed a gargoyle
  9074 | D:9      | Killed a gargoyle
  9086 | D:9      | HP: 15/87 [yak (7)]
  9089 | D:9      | HP: 5/87 [yak (11)]
  9094 | D:9      | HP: 3/87 [centaur (3)]
  9118 | D:9      | Slain by an orc warrior

Vanquished Creatures
  Pikel (D:7)
  Maurice (D:8)
  A gargoyle (D:9)
  Psyche (D:8)
  2 wyverns (D:8)
  7 yaks (D:9)
  2 ice beasts
  4 centaurs
  4 ogres
  A lemure (D:7)
  A phantom (D:6)
  3 kobold brigands
  A bullfrog (D:7)
  A gnoll sergeant (D:6)
  A killer bee (D:8)
  4 howler monkeys
  A vampire bat (D:4)
  3 hounds
  4 orc priests
  A gnoll bouda (D:7)
  A jelly (D:7)
  3 iguanas
  6 orc wizards
  9 adders
  22 gnolls
  2 river rats (D:3)
  A shadow imp (D:7)
  A worm (D:5)
  6 dart slugs
  3 fire bats (D:4)
  30 orcs
  2 spectral bats (D:4)
  2 ball pythons
  15 bats
  3 bat skeletons (D:4)
  A bat zombie (D:4)
  4 endoplasms
  4 giant cockroaches
  5 goblins
  6 hobgoblins
  3 jackals (D:2)
  14 kobolds
  3 quokkas
  A bat simulacrum (D:4)
  2 frilled lizards
  6 rats
199 creatures vanquished.

Table legend:
 A = Non-vault XP
 B = Vault XP
 C = Vault XP percentage of total XP
 D = Non-vault monster count
 E = Vault monster count
 F = Vault count percentage of total count
                 A         B        C        D         E       F
            +---------+---------+-------+---------+---------+-------
      Total |    5197 |    2050 |  28.3 |     159 |      39 |  19.7
            +---------+---------+-------+---------+---------+-------
        D:1 |      36 |       0 |   0.0 |      19 |       0 |   0.0
        D:2 |      44 |       0 |   0.0 |      15 |       0 |   0.0
        D:3 |     175 |      53 |  23.2 |      20 |      10 |  33.3
        D:4 |     277 |     175 |  38.7 |      20 |      20 |  50.0
        D:5 |     644 |       0 |   0.0 |      24 |       0 |   0.0
        D:6 |     758 |     100 |  11.7 |      16 |       3 |  15.8
        D:7 |     727 |     617 |  45.9 |      20 |       1 |   4.8
        D:8 |     847 |     767 |  47.5 |      17 |       3 |  15.0
        D:9 |    1689 |     338 |  16.7 |       8 |       2 |  20.0
            +---------+---------+-------+---------+---------+-------

Skill      XL: |  1  2  3  4  5  6  7  8  9 10 |
---------------+-------------------------------+-----
Shapeshifting  | 4 5 6 7 8 9 |  9.5
Stealth        | 4 6 9 10 | 10.0
Dodging        | 3 |  3.2
Unarmed Combat | 4 6 8 9 |  9.6
Fighting       | |  1.0

Action                     |  1- 3 |  4- 6 |  7- 9 | 10-12 || total
---------------------------+-------+-------+-------+-------++-------
  Melee: Unarmed           |    72 |   129 |   205 |    59 ||   465
         Constrict         |    15 |    40 |    51 |     1 ||   107
         Punch             |     1 |     4 |    13 |     1 ||    19
         Tentacles         |     9 |    42 |    48 |     9 ||   108
         Tailslap          |       |       |     1 |       ||     1
  Throw: Throwing net      |       |       |       |     1 ||     1
 Invoke: Potion Petition   |       |       |     1 |     2 ||     3
Ability: Breathe Fire      |       |       |     3 |       ||     3
  Evoke: Wand              |       |       |     6 |       ||     6
    Use: Potion            |     1 |     3 |     1 |     4 ||     9
         Scroll            |       |     4 |     3 |     3 ||    10
   Stab: Sleeping          |     8 |    10 |    15 |     1 ||    34
         Distracted        |       |     1 |     3 |       ||     4
 Armour: Skin              |    25 |    46 |     9 |    18 ||    98
  Dodge: Dodged            |    25 |   119 |   111 |    18 ||   273
   Form: Dragon            |       |       |     1 |       ||     1
         Beast             |       |       |     1 |       ||     1
         Flux              |       |       |     1 |       ||     1

Illustrated notes

Table legend:
 A = Kills in this place as a percentage of kills in the entire game.
 B = Kills by you in this place as a percentage of kills by you in the entire game.
 C = Kills by friends in this place as a percentage of kills by friends in the entire game.
 D = Other kills in this place as a percentage of other kills in the entire game.
 E = Experience gained in this place as a percentage of experience gained in the entire game.
 F = Experience gained in this place divided by the number of levels of this place that you have seen.
                   A       B       C       D       E      F
               +-------+-------+-------+-------+-------+----------------------
         Total | 100.0 | 100.0 |   N/A |   N/A | 100.0 | 805.2
       Dungeon | 100.0 | 100.0 |   N/A |   N/A | 100.0 | 805.2
               +-------+-------+-------+-------+-------+----------------------

Table legend: (Time is in decaauts)
 A = Elapsed time spent in this place.
 B = Non-inter-level travel time spent in this place.
 C = Inter-level travel time spent in this place.
 D = Time resting spent in this place.
 E = Time spent auto-exploring this place.
 F = Levels seen in this place.
 G = Mean time per level.
                   A        B        C        D        E       F      G
               +--------+--------+--------+--------+--------+-----+--------+
         Total |   9074 |   8805 |    269 |    239 |   6998 |   9 | 1008.2 |
       Dungeon |   9074 |   8805 |    269 |    239 |   6998 |   9 | 1008.2 |
               +--------+--------+--------+--------+--------+-----+--------+

Top non-repeatable levels by time:
     D:5: 1435 daAuts
     D:3: 1412 daAuts
     D:7: 1402 daAuts
     D:8: 1332 daAuts
     D:4: 1275 daAuts
     D:6: 871 daAuts
     D:1: 757 daAuts
     D:2: 468 daAuts
     D:9: 118 daAuts
